 Dungeon Crawl Stone Soup version 0.24.1-14-gf8d2b509d9 (webtiles) character file.

Game seed: 7279628444867850482, levelgen mode: deterministic

3682 Mrkan the Cleaver (level 9, -11/82 HPs)
             Began as a Deep Dwarf Fighter on May 23, 2020.
             Was an Elder of Elyvilon.
             Killed from afar by Erica (25 damage)
             ... with an orb of energy
             ... on level 10 of the Dungeon on May 24, 2020.
             The game lasted 00:15:41 (7817 turns).

Mrkan the Cleaver (Deep Dwarf Fighter)              Turns: 7817, Time: 00:15:41

Health: -11/82     AC: 16    Str: 23    XL:     9   Next: 90%
Magic:  6/6        EV:  5    Int:  9    God:    Elyvilon [****..]
Gold:   459        SH: 11    Dex: 12    Spells: 8/8 levels left

rFire    . . .     SeeInvis .   a - +0 war axe
rCold    . . .     Gourm    .   c - +0 shield
rNeg     . . .     Faith    .   A - +0 plate armour
rPois    .         Spirit   .   (no helmet)
rElec    .         Reflect  .   b - +0 cloak
rCorr    +         Harm     .   x - +1 pair of gloves
MR       +....                  (no boots)
Stlth    ..........             (no amulet)
HPRegen  0.00/turn              n - ring of stealth
MPRegen  0.10/turn              j - ring of resist corrosion

@: non-regenerating, lightly drained
A: damage resistance, heal wounds, sense surroundings 2, no regeneration
a: Heal Wounds, Lesser Healing, Heal Other, Purification, Greater Healing,
Divine Protection, Renounce Religion


You were on level 10 of the Dungeon.
You worshipped Elyvilon.
Elyvilon was greatly pleased with you.
You were not hungry.

You visited 2 branches of the dungeon, and saw 11 of its levels.

You collected 459 gold pieces.

Inventory:

Hand Weapons
 a - a +0 war axe (weapon)
 H - the +6 quarterstaff "Warun" {crush, rN+ MR- Dex+3, unknown}
   (You found it on level 6 of the Dungeon)

   It inflicts extra damage upon your enemies.
   It affects your dexterity (+3).
   It protects you from negative energy.
   It affects your resistance to hostile enchantments.
 L - the +7 great mace of Mrkan's Woe {antimagic, rElec rPois Int+4, unknown}
   (You found it on level 7 of the Dungeon)

   It reduces the magical energy of the wielder, and disrupts the spells and
   magical abilities of those hit.
   Natural abilities and divine invocations are not affected.
   It affects your intelligence (+4).
   It insulates you from electricity.
   It protects you from poison.
Armour
 b - a +0 cloak (worn)
 c - a +0 shield (worn)
 x - a +1 pair of gloves (worn)
 A - a +0 plate armour (worn)
Jewellery
 j - a ring of resist corrosion (right hand)
 k - a cursed ring of attention {unknown}
 n - a ring of stealth (left hand)
 s - an uncursed amulet of rage
Wands
 w - a wand of acid (26)
 D - a wand of flame (72)
 F - a wand of paralysis (8)
Scrolls
 i - 2 scrolls of fear
 l - a scroll of acquirement {unknown}
 m - 2 scrolls of immolation {unknown}
 o - 4 scrolls of teleportation
 p - a scroll of enchant armour
 r - 4 scrolls of identify
 v - a scroll of fog {unknown}
 y - a scroll of vulnerability {unknown}
 z - 2 scrolls of magic mapping
 C - a scroll of noise {unknown}
 M - a scroll of torment {unknown}
Potions
 d - 3 potions of might
 e - 2 potions of berserk rage
 g - 2 potions of lignification
 h - 4 potions of heal wounds
 q - a potion of mutation {unknown}
 t - a potion of cancellation {unknown}
 u - 2 potions of invisibility
 B - a potion of magic {unknown}
 E - a potion of haste {unknown}
 G - a potion of agility {unknown}
 I - a potion of ambrosia {unknown}
 J - 3 potions of curing {unknown}
 K - a potion of flight {unknown}
 N - a potion of degeneration {unknown}
Comestibles
 f - 12 rations


   Skills:
 + Level 6.2(5.7) Fighting
 * Level 9.7(9.2) Axes
 + Level 7.5(7.0) Armour
 + Level 7.4(6.8) Shields
 + Level 5.0(4.5) Invocations


You had 8 spell levels left.
You didn't know any spells.
Your spell library contained the following spells:

 Spells                   Type           Power        Failure   Level  Hunger
 Magic Dart               Conj           #...         100%        1    ##.....
 Blink                    Tloc           N/A          100%        2    ###....
 Call Imp                 Summ           #.......     100%        2    ###....
 Slow                     Hex            #.......     100%        2    ###....
 Conjure Flame            Conj/Fire      #.......     100%        3    ####...
 Mephitic Cloud           Conj/Pois/Air  #.......     100%        3    ####...


Dungeon Overview and Level Annotations

Branches:
Dungeon (10/15)            Temple (1/1) D:6             Orc (0/2) D:10
   Lair: D:8-11

Altars:
Cheibriados
Dithmenos
Elyvilon
Fedhas
Gozag
Hepliaklqana
Nemelex Xobeh
Okawaru
Qazlal
Sif Muna
Trog
Uskayaw
Wu Jian
Xom
The Shining One

Shops:
D:5 [

Annotations:
D:7 Prince Ribbit
D:10 Erica


Innate Abilities, Weirdness & Mutations

You are resistant to damage.
You can heal yourself by infusing magical energy.
You passively map the area around you.
You do not regenerate.


Message History

You closely miss something. Something hits you but does no damage.
Your plate armour prevents you from hitting something.
Something hits you. Something burns you.
You miss something. Something hits you but does no damage.
You closely miss something.
You hear some strange, mumbled words.
Something tries to affect you, but you resist.
You hit something. You block something's attack.
You hit something. Something hits you!
* * * LOW HITPOINT WARNING * * *
Something burns you.
You slash something! Something hits you!
* * * LOW HITPOINT WARNING * * *
Something burns you.
* * * LOW HITPOINT WARNING * * *
You miss something.
You hear some strange, mumbled words.
An orb of energy appears from out of thin air!
The orb of energy hits you!!
You die...

#...#..###'####,
* ,,
#...#..#......#
,,
#...#..#......#,
#......#......#
*
#......#..##..#
*
####.'..##..#,,
, , ,
#.####.#####..#
#..........#..#
, ,,
#......{@..#..#,
#.....<...[#..#,
, ,
#.####.....#..#
,, # *#.....#..#
* ,......# * , *
, ........ , , ,
###..#...# ,* ,
* * #.. [..# ,
,, ,,


There were no monsters in sight!

Vanquished Creatures
  A hippogriff (D:8)
  A wraith (D:10)
  2 orc warriors
  2 black bears
  3 sky beasts
  4 ogres
  3 centaurs
  2 phantoms
  A big kobold (D:8)
  A bullfrog (D:8)
  3 scorpions
  8 wights
  2 howler monkeys
  3 crimson imps
  2 bullfrog zombies
  3 orc priests
  3 bullfrog skeletons
  4 hounds
  2 orc wizards
  2 gnoll shamans
  4 centaur skeletons
  5 iguanas
  Natasha (D:4)
  3 worker ants
  2 hound zombies
  9 gnolls
  10 adders
  A shadow imp (D:7)
  An ooze (D:4)
  2 adder skeletons
  3 adder zombies
  5 worms
  2 dart slugs
  6 leopard geckos
  21 orcs
  2 ball pythons
  5 bats
  3 giant cockroaches
  2 goblins
  7 hobgoblins
  12 jackals
  13 kobolds
  2 quokkas
  2 frilled lizards (D:4)
  4 leopard gecko skeletons
  A quokka zombie (D:5)
  15 rats
195 creatures vanquished.

Notes
Turn   | Place    | Note
-------+----------+-------------------------------------------
     0 | D:1      | Mrkan the Deep Dwarf Fighter began the quest for the Orb.
     0 | D:1      | Reached XP level 1. HP: 20/20 MP: 1/1
    91 | D:1      | Reached XP level 2. HP: 8/27 MP: 2/2
   806 | D:2      | Reached skill level 3 in Axes
   806 | D:2      | Reached XP level 3. HP: 6/34 MP: 3/3
  1290 | D:3      | Reached XP level 4. HP: 22/42 MP: 4/4
  2136 | D:4      | Reached skill level 4 in Axes
  2136 | D:4      | Reached XP level 5. HP: 26/49 MP: 5/5
  2400 | D:4      | Noticed Natasha
  2406 | D:4      | Killed Natasha
  2490 | D:4      | Noticed a phantom
  2517 | D:4      | Reached XP level 6. HP: 15/57 MP: 6/6
  2569 | D:4      | Reached skill level 5 in Axes
  2607 | D:4      | Noticed an orc warrior
  2662 | D:4      | Killed an orc warrior
  2844 | D:5      | Entered Level 5 of the Dungeon
  2848 | D:5      | Got a translucent bone amulet
  2855 | D:5      | Reached XP level 7. HP: 31/64 MP: 7/7
  2862 | D:5      | Reached skill level 5 in Armour
  2862 | D:5      | Reached skill level 5 in Shields
  3007 | D:5      | Reached skill level 6 in Axes
  3282 | D:5      | Found Zorufo Tyg's Armour Shop.
  3298 | D:5      | Reached XP level 8. HP: 15/73 MP: 7/7
  3396 | D:5      | Reached skill level 7 in Axes
  3674 | D:6      | Found a staircase to the Ecumenical Temple.
  3683 | Temple   | Entered the Ecumenical Temple
  3789 | Temple   | Became a worshipper of Elyvilon the Healer
  3962 | D:6      | Reached skill level 5 in Fighting
  4074 | D:6      | Found an opulent altar of Gozag.
  4077 | D:6      | Got an iridescent quarterstaff
  4320 | D:6      | Reached skill level 1 in Invocations
  4712 | D:7      | Reached * piety under Elyvilon
  4837 | D:7      | Got a shimmering great mace
  4889 | D:7      | Reached skill level 8 in Axes
  5105 | D:7      | Noticed Prince Ribbit
  5364 | D:7      | Identified the amulet "Fifroxum" {Inacc Str+2 Int+2} (You
                  | found it on level 5 of the Dungeon)
  5517 | D:8      | Gained mutation: You passively map the area around you.
                  | [Deep Dwarf growth]
  5517 | D:8      | Reached XP level 9. HP: 80/81 MP: 0/5
  5722 | D:8      | Reached ** piety under Elyvilon
  5842 | D:8      | Reached skill level 9 in Axes
  6620 | D:9      | Reached *** piety under Elyvilon
  6963 | D:9      | Found a snail-covered altar of Cheibriados.
  7044 | D:9      | Reached **** piety under Elyvilon
  7664 | D:10     | Entered Level 10 of the Dungeon
  7687 | D:10     | Found a staircase to the Orcish Mines.
  7768 | D:10     | Reached skill level 5 in Invocations
  7788 | D:10     | Noticed Erica
  7817 | D:10     | Killed from afar by Erica

Levels and vault maps discovered:
D:1:      minmay_arrival_hallway, layout_basic
D:2:      layout_rooms, serial_glass, glass_columns_a, glass_columns_a
D:3:      layout_basic, first_ration, serial_park_tiny_pond, serial_bayou_pond_e
D:4:      layout_gridville, uniq_natasha
D:5:      black_bear_nest_2, layout_basic, serial_shops, shop
D:6:      layout_loops_corners, minmay_temple_entry_mist, basic_altar
D:7:      layout_gridville, uniq_prince_ribbit1
D:8:      layout_layer_cave
D:9:      layout_basic, slow_altar_2
D:10:     layout_stronghold, orc_0_dummy, the_bakery, uniq_erica, uniq_gastronok
Temple:   roderic_octagonal_lattice_temple

Skill      XL: |  1  2  3  4  5  6  7  8  9 |
---------------+----------------------------+-----
Fighting       | 3 4 5 6 |  6.2
Axes           | 3 4 5 6 8 9 |  9.7
Armour         | 4 5 6 7 |  7.5
Shields        | 4 5 6 7 |  7.4
Invocations    | 2 5 |  5.0

Action                   |  1- 3 |  4- 6 |  7- 9 || total
-------------------------+-------+-------+-------++-------
Melee: War axe           |   121 |   197 |   573 ||   891
Invok: Lesser Healing    |       |       |     4 ||     4
       Greater Healing   |       |       |     2 ||     2
 Abil: Heal Wounds       |     2 |     4 |    14 ||    20
  Use: Scroll            |       |       |     9 ||     9
  Eat: Chunk             |       |     7 |    12 ||    19
       Ration            |       |       |     2 ||     2
Armor: Scale mail        |    43 |       |       ||    43
       Chain mail        |    26 |   108 |       ||   134
       Plate armour      |       |     1 |   430 ||   431
Dodge: Dodged            |    45 |    48 |   121 ||   214
Block: Shield            |    91 |   134 |   400 ||   625
